 Dungeon Crawl Stone Soup version 0.23-a0-386-g9c9d49f (console) character file.

8204 nht the Grappler (level 11, -5/107 HPs)
             Began as a Troll Fighter on Oct 28, 2018.
             Was an Initiate of Okawaru.
             Slain by an unseen horror (7 damage)
             ... on level 10 of the Dungeon.
             The game lasted 00:14:13 (8344 turns).

nht the Grappler (Troll Fighter)                    Turns: 8344, Time: 00:14:14

Health: -5/107     AC:  5    Str: 28    XL:     11   Next: 6%
Magic:  10/10      EV: 12    Int:  5    God:    Okawaru [......]
Gold:   489        SH: 14    Dex:  9    Spells: 10/10 levels left

rFire    . . .     SeeInvis .     - Unarmed
rCold    . . .     Gourm    +   b - +0 shield
rNeg     . . .     Faith    .   a - +0 robe
rPois    .         Spirit   .   (helmet restricted)
rElec    .         Reflect  +   (no cloak)
rCorr    +         Harm     .   (gloves unavailable)
MR       .....                  (boots unavailable)
Stlth    +.........             h - +4 amulet of reflection
HPRegen  0.67/turn              q - +3 ring of evasion
MPRegen  0.12/turn              D - ring of resist corrosion

@: no status effects
A: large, unfitting armour, claws 3, fast metabolism 3, gourmand, regeneration
1, shaggy fur 1, tough skin 2
a: Renounce Religion


You were on level 10 of the Dungeon.
You worshipped Okawaru.
Okawaru was noncommittal.
You were very full.

You visited 2 branches of the dungeon, and saw 11 of its levels.
You also visited: Ossuary.

You collected 489 gold pieces.

Inventory:

Hand Weapons
 J - the +7 mace "Yffier" {crush, +Blink Str+4 Stlth+, unknown}
   (You found it on level 9 of the Dungeon)

   It inflicts extra damage upon your enemies.
   It affects your strength (+4).
   It lets you blink.
   It makes you more stealthy.
Missiles
 o - 38 poisoned needles
 t - 16 tomahawks (quivered)
Armour
 a - a +0 robe (worn)
 b - a +0 shield (worn)
Jewellery
 e - an uncursed ring of wizardry
 h - a +4 amulet of reflection (around neck)
 i - an uncursed ring of see invisible
 j - an uncursed amulet of the acrobat
 q - a +3 ring of evasion (left claw)
 u - an uncursed ring of protection from fire
 D - a ring of resist corrosion (right claw)
Wands
 x - a wand of flame (15)
 H - a wand of polymorph (12)
Scrolls
 c - 5 scrolls of remove curse
 k - 4 scrolls of teleportation
 n - a scroll of magic mapping
 v - a scroll of amnesia
 y - a scroll of identify
 A - a scroll of fog {unknown}
 B - 2 scrolls of immolation
 E - a scroll of blinking
 F - a scroll of vulnerability
 G - a scroll of enchant weapon
 K - a scroll of fear {unknown}
Potions
 f - a potion of brilliance
 g - 3 potions of heal wounds
 l - 3 potions of magic
 m - a potion of ambrosia
 p - a potion of cancellation
 r - 4 potions of curing
 s - 3 potions of flight
 z - a potion of lignification
 C - 2 potions of resistance
 I - 2 potions of invisibility
Comestibles
 d - 15 rations
 w - 2 chunks of flesh


   Skills:
 + Level 6.9 Fighting
 + Level 6.9 Throwing
 - Level 2.4 Dodging
 + Level 6.9 Shields
 * Level 11.0 Unarmed Combat


You had 10 spell levels left.
You didn't know any spells.
Your spell library contained the following spells:

 Spells                   Type           Power        Failure   Level  Hunger
 Beastly Appendage        Tmut           #.....       63%         1    ##.....
 Magic Dart               Conj           #...         63%         1    ##.....
 Summon Butterflies       Summ           #.......     63%         1    ##.....
 Searing Ray              Conj           #.....       77%         2    ###....
 Sticks to Snakes         Tmut           #.......     77%         2    ###....
 Call Canine Familiar     Summ           #.......     94%         3    ####...
 Dazzling Spray           Conj/Hex       #.....       94%         3    ####...
 Spider Form              Tmut/Pois      #.........   94%         3    ####...
 Force Lance              Conj/Tloc      #.......     100%        4    #####..
 Fulminant Prism          Conj/Hex       #.........   100%        4    #####..
 Ice Form                 Ice/Tmut       #.......     100%        4    #####..
 Iskenderun's Mystic Bla  Conj           #.......     100%        4    #####..
 Summon Ice Beast         Ice/Summ       #.......     100%        4    #####..
 Blade Hands              Tmut           #.........   100%        5    ######.
 Summon Mana Viper        Hex/Summ       #.......     100%        5    ######.
 Summon Hydra             Summ           #.........   100%        7    #######


Dungeon Overview and Level Annotations

Branches:
Dungeon (10/15)            Temple (1/1) D:4             Orc (0/2) D:9
   Lair: D:8-11

Altars:
Ashenzari
Cheibriados
Dithmenos
Elyvilon
Fedhas
Gozag
Hepliaklqana
Kikubaaqudgha
Makhleb
Nemelex Xobeh
Okawaru
Qazlal
Ru
Sif Muna
Trog
Uskayaw
Vehumet
Wu Jian
Xom
Yredelemnul
Zin
The Shining One

Shops:
D:5 =   D:7 (

Annotations:
D:7 5 runed doors


Innate Abilities, Weirdness & Mutations

You are too large for most types of armour.
You have claws for hands.
Your metabolism is lightning-fast.
You like to eat raw meat.
Your natural rate of healing is unusually fast.
You are covered in fur. (AC +1)
You have very tough skin. (AC +2)


Message History

Something hits you. Something hits you.
There is an open door, spattered with blood here.
Something hits you!
There is an open door, spattered with blood here.
You miss something. Something hits you! x2
You closely miss something. Something barely misses you. Something hits you. x2
Some of the chunks of flesh in your inventory have rotted away.
Something hits you!
* * * LOW HITPOINT WARNING * * *
There is an open door, spattered with blood here.
Something hits you.
* * * LOW HITPOINT WARNING * * *
Something hits you!
* * * LOW HITPOINT WARNING * * *
Something hits you!
* * * LOW HITPOINT WARNING * * *
Something hits you!
You die...

█.>.....█ █.......█
███████████.......+
█........██.....).█
████████..'.......█
████<......█
█.......█ █.......█


█████@███ █.██ █>.█ ███████.███ █.........█ █.........█ ..........█ █.<.......█
█.......... There were no monsters in sight!

Vanquished Creatures
  Erolcha (D:9)
  A two-headed ogre (D:8)
  A troll (D:8)
  A hippogriff (D:8)
  Sigmund (D:4)
  A wyvern (D:8)
  12 yaks
  A hungry ghost (D:7)
  2 sky beasts
  An ice beast (D:7)
  A necrophage (D:9)
  7 orc warriors
  An eye of draining (D:8)
  A phantom (D:10)
  11 ogres
  2 centaurs
  5 big kobolds
  2 gnoll sergeants (D:9)
  A bullfrog (D:9)
  2 scorpions
  A howler monkey (D:8)
  3 centaur zombies
  A quasit (D:8)
  5 hounds
  A bullfrog skeleton (D:9)
  A bullfrog zombie (D:5)
  2 human zombies (Ossuary)
  4 orc priests
  6 jellies
  2 iguanas
  4 orc wizards
  7 worker ants
  A killer bee zombie (D:8)
  A big kobold zombie (Ossuary)
  4 mummies (Ossuary)
  2 worker ant zombies
  11 adders
  5 gnolls (D:9)
  2 shadow imps
  5 oozes (D:9)
  An adder skeleton (D:4)
  2 worms (D:4)
  3 dart slugs
  9 leopard geckos
  19 orcs
  13 bats
  7 giant cockroaches
  6 goblins
  7 hobgoblins
  10 jackals
  3 quokkas
  2 ball pythons (D:1)
  5 frilled lizards
  A goblin zombie (Ossuary)
  18 kobolds
  3 kobold zombies (Ossuary)
  A leopard gecko skeleton (D:4)
  A leopard gecko zombie (D:6)
  A quokka skeleton (D:7)
  14 rats
249 creatures vanquished.

Vanquished Creatures (others)
  A kobold (D:9)
1 creature vanquished.

Grand Total: 250 creatures vanquished

Notes
Turn   | Place    | Note
-------+----------+-------------------------------------------
     0 | D:1      | nht the Troll Fighter began the quest for the Orb.
     0 | D:1      | Reached XP level 1. HP: 22/22 MP: 0/0
   262 | D:1      | Reached XP level 2. HP: 28/29 MP: 1/1
   657 | D:1      | Reached XP level 3. HP: 35/36 MP: 2/2
  1130 | D:2      | Reached skill level 1 in Throwing
  1253 | D:2      | Reached skill level 3 in Unarmed Combat
  1659 | D:3      | Reached XP level 4. HP: 44/44 MP: 3/3
  1702 | D:3      | Found a white marble altar of Elyvilon.
  1931 | D:3      | Reached XP level 5. HP: 52/52 MP: 4/4
  2534 | D:4      | Reached skill level 4 in Unarmed Combat
  2779 | D:4      | Noticed Sigmund
  2786 | D:4      | Killed Sigmund
  2786 | D:4      | Reached XP level 6. HP: 49/61 MP: 5/5
  3031 | D:4      | Found a staircase to the Ecumenical Temple.
  3591 | D:5      | Entered Level 5 of the Dungeon
  3703 | D:5      | Reached skill level 5 in Unarmed Combat
  3811 | D:5      | Noticed a sky beast
  3822 | D:5      | Killed a sky beast
  3822 | D:5      | Reached XP level 7. HP: 58/67 MP: 6/6
  4270 | D:5      | Found Gaddavecuj's Jewellery Boutique.
  4413 | D:5      | Reached skill level 6 in Unarmed Combat
  4569 | D:6      | Reached XP level 8. HP: 72/78 MP: 7/7
  4727 | Temple   | Entered the Ecumenical Temple
  5214 | D:7      | Found a sacrificial altar of Ru.
  5318 | D:7      | Reached skill level 7 in Unarmed Combat
  5330 | D:7      | Found a sand-covered staircase.
  5343 | Ossuary  | Entered an ossuary
  5650 | D:7      | Found Hiudomar's Antique Weapon Shop.
  5655 | D:7      | Reached skill level 5 in Shields
  5655 | D:7      | Reached XP level 9. HP: 57/87 MP: 8/8
  5659 | D:7      | Reached skill level 5 in Fighting
  5684 | D:6      | Reached skill level 8 in Unarmed Combat
  5863 | D:7      | Reached skill level 5 in Throwing
  5891 | D:7      | Found a runed gate.
  5891 | D:7      | Found a runed gate.
  5891 | D:7      | Found a runed gate.
  5901 | D:7      | Found a runed door.
  5919 | D:7      | Found a runed door.
  5922 | D:7      | Found the +9 staff of Olgreb {rPois}
  6028 | D:6      | Found a stormy altar of Qazlal.
  6028 | D:6      | Found a shattered altar of Ashenzari.
  6121 | D:7      | Found a shimmering altar of Xom.
  6611 | D:8      | Reached skill level 9 in Unarmed Combat
  6834 | D:8      | Found an opulent altar of Gozag.
  6881 | D:8      | Found a burning altar of Makhleb.
  6881 | D:8      | Found a glowing silver altar of Zin.
  6882 | D:8      | Noticed an angel
  6882 | D:8      | Noticed a cacodemon
  6945 | D:8      | Reached XP level 10. HP: 85/98 MP: 9/9
  6963 | D:8      | Noticed a two-headed ogre
  6978 | D:8      | Killed a two-headed ogre
  7435 | D:9      | Noticed Erolcha
  7450 | D:9      | Killed Erolcha
  7450 | D:9      | Reached skill level 10 in Unarmed Combat
  7472 | D:9      | Got an iridescent mace
  7634 | D:9      | Found a staircase to the Orcish Mines.
  8026 | D:9      | Reached XP level 11. HP: 87/107 MP: 10/10
  8120 | D:9      | Found a deep blue altar of Sif Muna.
  8120 | D:9      | Found an iron altar of Okawaru.
  8121 | D:9      | Found a sparkling altar of Nemelex Xobeh.
  8128 | D:9      | Became a worshipper of Warmaster Okawaru
  8153 | D:9      | Reached skill level 11 in Unarmed Combat
  8281 | D:10     | Entered Level 10 of the Dungeon
  8344 | D:10     | HP: 2/107 [something (11)]
  8344 | D:10     | Slain by an unseen horror

Vault maps used:
D:1:      lemuel_arrival_muddy
D:3:      first_ration, elyvilon_altar_3
D:4:      temple_green, uniq_sigmund
D:5:      serial_shops, shop
D:6:      nicolae_overflow_hidden_temple, kennysheep_minor_cross
D:7:      hangedman_ru_absence, kennysheep_mini, serial_shops,
          nicolae_shop_crystal, lightli_ossuary_entry_decrepit_ruins,
          minmay_guarded_unrand_staff_of_olgreb
D:8:      grunt_temple_overflow_order_and_chaos_2, old_standard_altar
D:9:      gammafunk_temple_overflow_claw,
          kennysheep_orc_monster_closet_entryway,
          hangedman_little_slice_of_home, uniq_erolcha
D:10:     led_sif_book
Temple:   nicolae_temple_no_exploring_needed
Ossuary:  ossuary_crypta

Skill      XL: |  1  2  3  4  5  6  7  8  9 10 11 |
---------------+----------------------------------+-----
Throwing       | 1 2 3 4 5 6 |  6.9
Unarmed Combat | 3 4 5 6 7 9 10 11 | 11.0
Shields        | 3 4 5 6 |  6.9
Fighting       | 3 4 5 6 |  6.9
Dodging        | |  2.4

Action                   |  1- 3 |  4- 6 |  7- 9 | 10-12 || total
-------------------------+-------+-------+-------+-------++-------
Melee: Unarmed           |   193 |   135 |   313 |   220 ||   861
Throw: Tomahawk          |       |       |     6 |     3 ||     9
Evoke: Wand              |       |       |     2 |    14 ||    16
  Use: Scroll            |     5 |     7 |    13 |     1 ||    26
       Potion            |       |     2 |     3 |     1 ||     6
 Stab: Sleeping          |       |     3 |       |       ||     3
  Eat: Chunk             |    21 |    17 |    34 |    12 ||    84
Armor: Robe              |    53 |    18 |    32 |    31 ||   134
Dodge: Dodged            |    65 |    37 |    84 |    73 ||   259
Block: Shield            |   115 |    82 |   151 |   150 ||   498
       Reflection        |       |     2 |     1 |     2 ||     5

Table legend:
 A = Non-vault XP
 B = Vault XP
 C = Vault XP percentage of total XP
 D = Non-vault monster count
 E = Vault monster count
 F = Vault count percentage of total count
                 A         B        C        D         E       F
            +---------+---------+-------+---------+---------+-------
      Total |    8390 |    3331 |  28.4 |     207 |      42 |  16.9
            +---------+---------+-------+---------+---------+-------
        D:1 |      44 |       0 |   0.0 |      28 |       0 |   0.0
        D:2 |      50 |       0 |   0.0 |      24 |       0 |   0.0
        D:3 |     120 |       0 |   0.0 |      28 |       0 |   0.0
        D:4 |     202 |     212 |  51.2 |      16 |       1 |   5.9
        D:5 |     629 |       0 |   0.0 |      15 |       0 |   0.0
        D:6 |     643 |       0 |   0.0 |      11 |       0 |   0.0
        D:7 |    1922 |       0 |   0.0 |      26 |       0 |   0.0
        D:8 |    2801 |     383 |  12.0 |      41 |       2 |   4.7
        D:9 |    1855 |    2508 |  57.5 |      17 |      27 |  61.4
       D:10 |     124 |       0 |   0.0 |       1 |       0 |   0.0
    Ossuary |       0 |     228 | 100.0 |       0 |      12 | 100.0
            +---------+---------+-------+---------+---------+-------
